 Dungeon Crawl Stone Soup version 0.29-a0-993-g4a18f31a58 (webtiles) character file.

Game seed: 350213048315701925

56 avis the Chiller (level 3, 0/29 HPs)
             Began as a Demigod Ice Elementalist on Aug 2, 2022.
             Succumbed to a goblin's poison
             ... on level 1 of the Dungeon on Aug 3, 2022.
             The game lasted 00:12:33 (1633 turns).

avis the Chiller (Demigod Ice Elementalist)         Turns: 1633, Time: 00:12:34

Health: 0/29       AC:  3    Str:  9    XL:     3   Next: 48%
Magic:  8/8        EV: 27    Int: 17    God:
Gold:   55         SH:  0    Dex: 18    Spells: 5/6 levels left

rFire   . . .      SeeInvis .   b - +2 short sword (vamp)
rCold   . . .      Faith    .   (no shield)
rNeg    . . .      Spirit   .   f - +0 robe
rPois   .          Reflect  .   i - +0 helmet
rElec   .          Harm     .   (no cloak)
rCorr   .          Rampage  .   (no gloves)
Will    .....                   (no boots)
Stlth   ++........              p - amulet of the acrobat
HPRegen 0.09/turn               (no ring)
MPRegen 0.11/turn               (no ring)

@: lethally poisoned (0 -> -3), acrobatic
A: high MP 1, forlorn, divine attributes
a: no special abilities


You were on level 1 of the Dungeon.
You visited 1 branch of the dungeon, and saw 2 of its levels.

You collected 55 gold pieces.

Inventory:

Hand Weapons
 a - a +0 sling
 b - a +2 vampiric short sword (weapon)
 m - a +0 rapier
Armour
 f - a +0 robe (worn)
 i - a +0 helmet (worn)
Jewellery
 p - an amulet of the acrobat (around neck)
Scrolls
 d - 2 scrolls of identify {unknown}
 e - a scroll of poison {unknown}
 j - 2 scrolls of teleportation {unknown}
 l - a scroll of fog {unknown}
 n - a scroll of blinking {unknown}
Potions
 c - a potion of invisibility {unknown}
 g - a potion of cancellation {unknown}
 h - a potion of magic
 k - a potion of mutation {unknown}
 o - a potion of lignification {unknown}


   Skills:
 * Level 2.2 Fighting
 - Level 2.0 Dodging
 - Level 2.0 Stealth
 - Level 2.0 Spellcasting
 - Level 4.0 Ice Magic


You had 5 spell levels left.
You knew the following spells:

 Your Spells              Type           Power      Damage    Failure   Level
a - Freeze                Ice            60%        1d8       3%          1

Your spell library contained the following spells:

 Spells                   Type           Power      Damage    Failure   Level
 Frozen Ramparts          Ice            30%        1d11      11%         3
 Ozocubu's Armour         Ice            15%        N/A       11%         3
 Hailstorm                Conj/Ice       8%         3d4       63%         4


Dungeon Overview and Level Annotations

Branches:
Dungeon (2/15)

Annotations:
D:1 Jessica
D:2 Robin


Innate Abilities, Weirdness & Mutations

You have an increased reservoir of magic. (+10% MP)
You shall have no god before yourself.
Your divine heritage dramatically boosts your attributes as you level up.


Message History

a +0 dagger; a goblin corpse
There is a stone staircase leading down, spattered with blood here.
You start resting.
Magic restored.
You start resting.
HP restored.
You climb downwards.
Level annotation: Jessica, Robin Jessica gestures at you while chanting.
Pain shoots through your body! The goblin closely misses you.
The hobgoblin hits you. The goblin closely misses you.
Robin's horned helmet rattles.
Robin roars a battlecry!
The goblins go into a battle-frenzy!
The goblin hits you with a +0 dagger. The hobgoblin closely misses you.
The hobgoblin barely misses you. The goblin hits you with a +0 dagger.
There is a stone staircase leading up here.
Casting: Freeze (safe; 3% risk of failure)
Confirm with . or Enter, or press ? or * to list all spells.
You don't know that spell.
Jessica completely misses you. The hobgoblin closely misses you.
The goblin barely misses you.
The goblin hits you with a +2 dagger of venom.
You are poisoned.
The hobgoblin barely misses you. The goblin closely misses you.
You climb upwards.
* * * LOW HITPOINT WARNING * * *
You feel very sick.
There is a stone staircase leading down, spattered with blood here.
Okay, then.
Jessica attacks as you move away! Jessica closely misses you.
The goblin attacks as you move away! The goblin hits you with a +0 dagger.
* * * LOW HITPOINT WARNING * * *
x2 You feel sick.
The goblin misses you. x2; The hobgoblin barely misses you.
The goblin attacks as you move away! The goblin completely misses you.
The goblin attacks as you move away! The goblin completely misses you.
* * * LOW HITPOINT WARNING * * *
You feel sick. Jessica attacks as you move away! Jessica completely misses you.
You die...

#### #.### #####......#......♣♣♣♣
# ##.# #........#........♣♣♣♣
#####..#####........##.#....PP♣♣.
..........##........##).....P.♣♣♣
...........#...)......#........♣♣
.............)g.>##.#.#..........
............÷g@g.####.........###
.)..........)g...#####.......##
.............##g@.......#...#####
....................###.........#
...........#.#..###..#..#######..
.............#.####....######...#
.#######......................###
.# #...###########.........## .#
#..## ###(...###... .# ####
##...##....... .# #..###########


You could see Jessica, 2 hobgoblins and 3 goblins.

Vanquished Creatures
  An adder (D:2)
  2 dart slugs (D:1)
  4 bats
  An endoplasm (D:1)
  10 goblins
  9 hobgoblins
  3 kobolds (D:1)
  A quokka (D:2)
  3 ball pythons (D:1)
  2 frilled lizards (D:1)
  2 rats (D:1)
38 creatures vanquished.

Vanquished Creatures (others)
  2 fungi (D:2)
2 creatures vanquished.

Grand Total: 40 creatures vanquished

Notes
Turn   | Place    | Note
-------+----------+-------------------------------------------
     0 | D:1      | avis the Demigod Ice Elementalist began the quest for the
                  | Orb.
     0 | D:1      | Reached XP level 1. HP: 14/14 MP: 5/5
   148 | D:1      | Reached skill level 1 in Fighting
   414 | D:1      | Reached XP level 2. HP: 23/23 MP: 4/7
  1061 | D:1      | Reached XP level 3. HP: 24/29 MP: 6/8
  1320 | D:2      | Reached skill level 4 in Ice Magic
  1322 | D:2      | Noticed Jessica
  1327 | D:2      | Noticed Robin
  1632 | D:1      | HP: 1/29 [poisoned by a goblin]
  1633 | D:1      | Succumbed to a goblin's poison

Illustrated notes

Levels and vault maps discovered:
D:1:      spicycebolla_arrival_transporter_tutorial, layout_rooms,
          serial_forest, infiniplex_forest_corner_1, infiniplex_forest_lined_3,
          infiniplex_forest_lined_4_way, infiniplex_forest_fountain,
          infiniplex_forest_straight_2, infiniplex_forest_lined_1,
          infiniplex_forest_clump_double, infiniplex_forest_clump_medium,
          hex_intersection
D:2:      kennysheep_the_goblin_king, layout_rooms,
          dilly_ecumenical_altar_fadedgnrine, minmay_split_cup_small,
          uniq_robin, uniq_jessica, uniq_crazy_yiuf_cottage

Skill      XL: |  1  2  3 |
---------------+----------+-----
Fighting       | 1 2 |  2.2
Dodging        | 2 |  2.0
Stealth        | 2 |  2.0
Spellcasting   | 2 |  2.0
Ice Magic      | 4 |  4.0

Action                   || total
-------------------------++-------
Melee: Dagger            ||     2
       Short sword       ||    19
       Punch             ||     1
 Fire: Sling             ||    25
 Cast: Freeze            ||    36
 Stab: Sleeping          ||     1
Armor: Robe              ||    18
Dodge: Dodged            ||    54

Table legend: (Time is in decaauts)
 A = Elapsed time spent in this place.
 B = Non-inter-level travel time spent in this place.
 C = Inter-level travel time spent in this place.
 D = Time resting spent in this place.
 E = Time spent auto-exploring this place.
 F = Levels seen in this place.
 G = Mean time per level.
                   A        B        C        D        E       F      G
               +--------+--------+--------+--------+--------+-----+--------+
         Total |   1655 |   1587 |     68 |    657 |    530 |   2 |  827.5 |
       Dungeon |   1655 |   1587 |     68 |    657 |    530 |   2 |  827.5 |
               +--------+--------+--------+--------+--------+-----+--------+

Top non-repeatable levels by time:
     D:1: 1466 daAuts
     D:2: 189 daAuts
